 Dungeon Crawl Stone Soup version 0.28-a0-843-gb979743d38 (webtiles) character file.

Game seed: 15981983260427364086

865 Multipenetrator the Skirmisher (level 7, -2/58 HPs)
             Began as a Demonspawn Fighter on Nov 11, 2021.
             Slain by a troll (7 damage)
             ... on level 5 of the Dungeon.
             The game lasted 00:04:42 (4978 turns).

Multipenetrator the Skirmisher (Demonspawn Fighter) Turns: 4978, Time: 00:04:43

Health: -2/58      AC: 11    Str: 18    XL:     7   Next: 72%
Magic:  7/7        EV:  9    Int:  9    God:
Gold:   157        SH:  5    Dex: 13    Spells: 6/6 levels left

rFire   . . .      SeeInvis .   b - +2 dagger (venom)
rCold   . . .      Faith    .   c - +0 buckler
rNeg    . . .      Spirit   .   e - +0 scale mail
rPois   .          Reflect  .   (no helmet)
rElec   .          Harm     .   i - +0 cloak
rCorr   .          Rampage  .   p - +0 pair of gloves
Will    .....                   u - +0 pair of boots
Stlth   ..........              (no amulet)
HPRegen 0.19/turn               (no ring)
MPRegen 0.10/turn               (no ring)

@: no status effects
A: claws 1, demonic guardian 1, spiny 1, weakness stinger 1
a: no special abilities


You were on level 5 of the Dungeon.
You visited 1 branch of the dungeon, and saw 6 of its levels.

You collected 157 gold pieces.

Inventory:

Hand Weapons
 a - a +0 long sword
 b - a +2 dagger of venom (weapon)
Missiles
 x - 6 datura-tipped darts (quivered)
Armour
 c - a +0 buckler (worn)
 e - a +0 scale mail (worn)
 i - a +0 cloak (worn)
 p - a +0 pair of gloves (worn)
 u - a +0 pair of boots (worn)
Wands
 w - a wand of iceblast (5)
 z - a wand of paralysis (9)
Scrolls
 f - a scroll of identify
 h - 2 scrolls of teleportation
 l - 2 scrolls of magic mapping
 m - a scroll of noise {unknown}
 o - 2 scrolls of enchant weapon {unknown}
 r - a scroll of immolation {unknown}
 s - a scroll of fog {unknown}
 v - a scroll of enchant armour {unknown}
Potions
 d - a potion of might
 g - a potion of curing
 j - 2 potions of heal wounds {unknown}
 k - a potion of degeneration {unknown}
 n - a potion of mutation {unknown}
 q - a potion of cancellation {unknown}
 t - a potion of attraction {unknown}
Miscellaneous
 y - a piece from Xom's chessboard (15/15)


   Skills:
 * Level 6.1 Fighting
 + Level 2.8(3.1) Short Blades
 - Level 1.7(2.5) Long Blades
 * Level 5.4 Armour
 - Level 4.0 Shields


You had 6 spell levels left.
You didn't know any spells.
Your spell library contained the following spells:

 Spells                   Type           Power      Damage    Failure   Level
 Slow                     Hex            0%         N/A       75%         1
 Static Discharge         Conj/Air       0%         N/A       87%         2
 Confusing Touch          Hex            0%         N/A       98%         3
 Vampiric Draining        Necr           0%         2d6       98%         3
 Dispel Undead            Necr           0%         3d6       100%        4
 Sticky Flame             Conj/Fire      0%         2d3       100%        4


Dungeon Overview and Level Annotations

Branches:
Dungeon (6/15)
 Temple: D:4-7

Altars:
Ru
Xom

Shops:
D:4 ?


Innate Abilities, Weirdness & Mutations

You have sharp fingernails.
A weak demonic guardian rushes to your aid.
You are partially covered in sharp spines.
You have a small tail.


Message History

There are monsters nearby!
An iguana comes into view.
Found a potion of curing.
The iguana hisses angrily.
You hit the iguana.
The iguana is poisoned.
The iguana is lightly wounded.
The iguana is struck by your spines. The iguana bites you!
You closely miss the iguana.
The iguana is moderately wounded.
The iguana is struck by your spines.
The iguana bites you but does no damage.
You hit the iguana.
The iguana looks as sick as possible!
The iguana is almost dead.
You kill the iguana!
The shadow imp closely misses you.
You completely miss the troll.
The shadow imp is struck by your spines.
The shadow imp hits you but does no damage.
The troll bites you!
* * * LOW HITPOINT WARNING * * *
The troll claws you!
* * * LOW HITPOINT WARNING * * *
A demonic guardian appears!
The troll claws you but does no damage.
Your iron imp closely misses the shadow imp.
Your iron imp closely misses the shadow imp.
The shadow imp gestures at you. Pain shoots through your body!
* * * LOW HITPOINT WARNING * * *
Your iron imp hits the shadow imp!
The shadow imp dies!
You hit the troll.
The troll is poisoned.
The troll is lightly wounded.
The troll barely misses you. The troll claws you but does no damage.
The troll claws you!
* * * LOW HITPOINT WARNING * * *
You closely miss the troll.
Your iron imp closely misses the troll.
You hit the troll.
The troll is lightly wounded.
The troll bites you!
You die...

######### #.......#
#.......# ## #.......# .#
#.......# .############
#.......# .........<..#
#.†....!#
.#########.#######.......#
................6T.......#
#..##....#.#######5......#
#..##.##.#.# ##.######
#..##......###### ..#
.................. ....
#......#.######### #..##
...###.#.# #.# #### #.#.#
.. ... ..#.#


You could see a troll (very poisoned, ally target) and a friendly iron imp
(summoned).

Vanquished Creatures
  3 ogres
  2 phantoms
  2 orc priests (D:5)
  Terence (D:3)
  2 orc wizards
  2 iguanas
  13 adders
  A worm (D:2)
  6 dart slugs
  11 orcs
  8 endoplasms
  A giant cockroach (D:2)
  11 goblins
  8 hobgoblins
  2 jackals (D:2)
  5 quokkas
  10 ball pythons
  6 bats
  4 frilled lizards
  11 kobolds
  A quokka skeleton (D:4)
  7 rats
117 creatures vanquished.

Vanquished Creatures (collateral kills)
  A bullfrog skeleton (D:2)
  A shadow imp (D:5)
  A bat (D:2)
3 creatures vanquished.

Grand Total: 120 creatures vanquished

Notes
Turn   | Place    | Note
-------+----------+-------------------------------------------
     0 | D:1      | Multipenetrator the Demonspawn Fighter began the quest for
                  | the Orb.
     0 | D:1      | Reached XP level 1. HP: 18/18 MP: 1/1
   168 | D:1      | Gained mutation: A weak demonic guardian rushes to your
                  | aid. [demonic ancestry]
   168 | D:1      | Reached XP level 2. HP: 24/24 MP: 2/2
   332 | D:1      | You fall into a shaft and drop 1 floor!
   540 | D:2      | Reached XP level 3. HP: 8/29 MP: 3/3
   997 | D:2      | Discovered your monstrous ancestry.
   997 | D:2      | Gained mutation: You have sharp fingernails. [demonic
                  | ancestry]
   997 | D:2      | Reached XP level 4. HP: 37/37 MP: 4/4
  1289 | D:1      | Found a faded altar of an unknown god.
  1830 | D:2      | Reached skill level 4 in Fighting
  1980 | D:2      | Reached skill level 1 in Short Blades
  2018 | D:2      | Gained mutation: You have a small tail. [demonic ancestry]
  2018 | D:2      | Reached XP level 5. HP: 5/42 MP: 5/5
  2729 | D:3      | Noticed an ogre
  2735 | D:3      | Killed an ogre
  2736 | D:3      | Reached XP level 6. HP: 49/49 MP: 6/6
  3011 | D:3      | Noticed Terence
  3025 | D:3      | Killed Terence
  3395 | D:4      | Reached skill level 5 in Fighting
  3778 | D:4      | Found Uniom's Magic Scroll Emporium.
  3832 | D:4      | Found a shimmering altar of Xom.
  3870 | D:4      | Gained mutation: You are partially covered in sharp spines.
                  | [demonic ancestry]
  3870 | D:4      | Reached XP level 7. HP: 30/56 MP: 7/7
  4275 | D:4      | Found a sacrificial altar of Ru.
  4292 | D:5      | Entered Level 5 of the Dungeon
  4351 | D:5      | Reached skill level 5 in Armour
  4684 | D:5      | Reached skill level 6 in Fighting
  4965 | D:5      | Noticed a troll
  4978 | D:5      | Slain by a troll

Illustrated notes

Levels and vault maps discovered:
D:1:      doesnt_arrival_eight_statues, layout_loops_ring,
          shapermc_ecumenical_altar_petra, minmay_misc_feat_chi
D:2:      minmay_recursive_quarters, layout_rooms, hangedman_decor_growths,
          minmay_snake_closets
D:3:      layout_rooms, uniq_terence
D:4:      layout_basic, xom_butterflies, lemuel_tele_altar, serial_shops, shop
D:5:      layout_basic, kennysheep_mini, serial_shops, nicolae_shop_crystal,
          uniq_edmund
D:6:      layout_basic, nicolae_dithmenos_the_darkroom, jmf_multi_god_temple

Skill      XL: |  1  2  3  4  5  6  7 |
---------------+----------------------+-----
Armour         | 3 4 5 |  5.4
Shields        | 3 4 |  4.0
Fighting       | 4 5 6 |  6.1
Short Blades   | 1 2 |  2.8
Long Blades    | |  1.7

Action                   |  1- 3 |  4- 6 |  7- 9 || total
-------------------------+-------+-------+-------++-------
Melee: Long sword        |    13 |       |       ||    13
       Dagger            |    73 |   254 |    67 ||   394
       Tailslap          |       |    30 |    13 ||    43
Throw: Dart              |       |       |     3 ||     3
  Use: Scroll            |       |     3 |       ||     3
Armor: Scale mail        |    41 |   112 |    32 ||   185
Dodge: Dodged            |    32 |   105 |    25 ||   162
Block: Buckler           |    19 |    57 |     7 ||    83

Table legend: (Time is in decaauts)
 A = Elapsed time spent in this place.
 B = Non-inter-level travel time spent in this place.
 C = Inter-level travel time spent in this place.
 D = Time resting spent in this place.
 E = Time spent auto-exploring this place.
 F = Levels seen in this place.
 G = Mean time per level.
                   A        B        C        D        E       F      G
               +--------+--------+--------+--------+--------+-----+--------+
         Total |   4951 |   4916 |     35 |    287 |   3839 |   6 |  825.2 |
       Dungeon |   4951 |   4916 |     35 |    287 |   3839 |   6 |  825.2 |
               +--------+--------+--------+--------+--------+-----+--------+

Top non-repeatable levels by time:
     D:2: 1434 daAuts
     D:1: 1093 daAuts
     D:4: 902 daAuts
     D:3: 843 daAuts
     D:5: 475 daAuts
     D:6: 203 daAuts
